 Dungeon Sprint DCSS version 0.31-a0-920-g28cbb04a8c (webtiles) character file.

Game seed: 10879222190152797015

160 sircluck the Ruffian (level 5, 0/59 HPs)
             Began as a Troll Berserker on Oct 17, 2023.
             Was a High Priest of Trog.
             Slain by a black bear (2 damage)
             ... in the Dungeon (Sprint VII: "The Pits").
             The game lasted 00:00:24 (164 turns).

sircluck the Ruffian (Troll Berserker)               Turns: 164, Time: 00:00:26

Health: 0/59       AC:  4    Str: 27    XL:     5   Next: 17%
Magic:  4/4        EV: 11    Int:  3    God:    Trog [*****.]
Gold:   0          SH:  0    Dex:  9    Spells: 4/4 levels left

rFire   . .          .
                       - Unarmed
rCold   . . .        (no shield)
rNeg    . . .        a - +0 animal skin
rPois   .            (helmet restricted)
rElec   .            (no cloak)
rCorr   .            (gloves unavailable)
SInv    .            (boots unavailable)
Will    .....        (no amulet)
Stlth   +            (no ring)
HPRegen 1.09/turn    (no ring)
MPRegen 0.09/turn

%: no teleportation
@: no status effects
A: large, unfitting armour, claws 3, regeneration 1, shaggy fur 1, tough skin 1
a: Renounce Religion, Berserk, Trog's Hand, Brothers in Arms


You were in the Dungeon.
You worshipped Trog.
Trog was extremely pleased with you.
You visited 1 branch

Inventory:

Armour
 a - a +0 animal skin (worn)
Scrolls
 g - a scroll of blinking
 i - 2 scrolls of vulnerability
 j - a scroll of butterflies
Potions
 b - 6 potions of curing
 c - 6 potions of heal wounds
 d - a potion of haste
 e - 4 potions of magic
 f - 3 potions of berserk rage
 h - 2 potions of invisibility


   Skills:
 + Level 5.6 Fighting
 + Level 5.6 Dodging
 + Level 6.7 Unarmed Combat


You had 4 spell levels left.
You didn't know any spells.
Your spell library was empty.

Dungeon Overview and Level Annotations

Branches:
Dungeon (1/1)

Altars:
Ashenzari
Cheibriados
Dithmenos
Elyvilon
Fedhas
Gozag
Hepliaklqana
Kikubaaqudgha
Makhleb
Nemelex Xobeh
Okawaru
Qazlal
Ru
Sif Muna
Trog
Uskayaw
Vehumet
Wu Jian
Xom
Yredelemnul
Zin
The Shining One
Jiyva
Lugonu


Innate Abilities, Weirdness & Mutations

You are too large for most types of armour.
You have claws for hands.
Your natural rate of healing is unusually fast.
You are covered in fur. (AC +1)
You have tough skin. (AC +1)


Message History

The black bear completely misses you.
There are monsters nearby!
You closely miss the black bear. The black bear bites you!
The black bear closely misses you. x2; The orc closely misses you.
The scorpion barely misses you.
You barely miss the black bear. The fire bat completely misses you.
The black bear barely misses you.
The black bear claws you but does no damage.
The black bear closely misses you. The orc hits you with a +0 dagger.
The scorpion stings you.
You scratch the black bear.
The black bear is lightly wounded.
The fire bat bites you.
You are engulfed in flames!
The scorpion stings you. The orc closely misses you.
The black bear barely misses you. The black bear claws you.
The black bear closely misses you.
You scratch the black bear.
The black bear is lightly wounded.
The fire bat bites you.
You are engulfed in flames.
The fire bat closely misses you. The scorpion closely misses you.
The black bear bites you.
* * * LOW HITPOINT WARNING * * *
The black bear completely misses you.
The black bear claws you but does no damage.
The orc hits you but does no damage.
You scratch the orc but do no damage. The fire bat barely misses you.
The scorpion barely misses you.
You barely miss the orc. The orc hits you but does no damage.
The black bear barely misses you. The black bear claws you. x2
* * * LOW HITPOINT WARNING * * *
The scorpion misses you.
Unknown command.
Unknown command.
Unknown command.
The fire bat bites you.
* * * LOW HITPOINT WARNING * * *
You are engulfed in flames!
* * * LOW HITPOINT WARNING * * *
The black bear attacks as it pursues you!
The black bear bites you.
You die...

#)#........##.....
#.#####'#####...<.
#.#..[)))..##.....
#)#..[)))..##.....
#)###########.....
#.......# ######
#o......#
#hs.#...# #@b##
..# #...# .#
#...... #
#.......+
#########


You could see a black bear, a fire bat, a scorpion and an orc.

Vanquished Creatures
  A floating eye (D)
  An orc priest (D)
  An orc wizard (D)
  An ufetubus (D)
  An orc (D)
  A bat skeleton (D)
  An endoplasm (D)
  A hobgoblin (D)
  2 kobolds (D)
  A quokka (D)
  A ball python skeleton (D)
  2 bats (D)
  A rat (D)
15 creatures vanquished.

Notes
Turn   | Place    | Note
-------+----------+-------------------------------------------
     0 | D        | sircluck the Troll Berserker began the quest for the Orb.
     0 | D        | Reached XP level 1. HP: 22/22 MP: 0/0
    24 | D        | Found a bloodstained altar of Trog.
    24 | D        | Found a shimmering blue altar of Sif Muna.
    24 | D        | Found a viscous altar of Jiyva.
    24 | D        | Found a hazy altar of Hepliaklqana.
    24 | D        | Found an opulent altar of Gozag.
    25 | D        | Found a glowing golden altar of the Shining One.
    25 | D        | Found a glowing silver altar of Zin.
    25 | D        | Found a basalt altar of Yredelemnul.
    25 | D        | Found a shimmering altar of Xom.
    25 | D        | Found an ornate altar of the Wu Jian Council.
    25 | D        | Found a sacrificial altar of Ru.
    25 | D        | Found a stormy altar of Qazlal.
    25 | D        | Found an iron altar of Okawaru.
    25 | D        | Found a sparkling altar of Nemelex Xobeh.
    25 | D        | Found a burning altar of Makhleb.
    25 | D        | Found a blossoming altar of Fedhas.
    25 | D        | Found a white marble altar of Elyvilon.
    25 | D        | Found a shadowy altar of Dithmenos.
    25 | D        | Found a snail-covered altar of Cheibriados.
    29 | D        | Found a corrupted altar of Lugonu.
    29 | D        | Found a radiant altar of Vehumet.
    30 | D        | Found a broken altar of Ashenzari.
    30 | D        | Found an ancient bone altar of Kikubaaqudgha.
    30 | D        | Found a hide-covered altar of Uskayaw.
    73 | D        | Reached ** piety under Trog
    77 | D        | Noticed a floating eye
    82 | D        | Killed a floating eye
    82 | D        | Reached *** piety under Trog
    83 | D        | Reached skill level 5 in Fighting
    83 | D        | Reached skill level 5 in Unarmed Combat
    83 | D        | Reached XP level 2. HP: 35/35 MP: 1/1
    83 | D        | Reached XP level 3. HP: 42/42 MP: 2/2
    83 | D        | Reached XP level 4. HP: 50/50 MP: 3/3
   106 | D        | Reached skill level 6 in Unarmed Combat
   108 | D        | Reached skill level 5 in Dodging
   140 | D        | Reached **** piety under Trog
   153 | D        | Reached XP level 5. HP: 58/58 MP: 4/4
   153 | D        | Reached ***** piety under Trog
   154 | D        | Noticed a black bear
   154 | D        | Noticed a fire bat
   164 | D        | HP: 2/59 [fire bat (9)]
   164 | D        | Slain by a black bear

Illustrated notes

Levels and vault maps discovered:
D:        pitsprint [storerooms_1, entrance_room_1, metal_vault_4, armoury_2,
          mini_pit_1, grid_room_1, main_hall_1, silver_pit, the_coven_3,
          the_vestibule_1, steel_vault_5, golden_pit, hallway_of_sentries,
          crystal_vault_2, iron_vault_2, final_vault]

Skill      XL: |  1  2  3  4 |
---------------+-------------+-----
Fighting       | 5 |  5.6
Dodging        | 4 5 |  5.6
Unarmed Combat | 5 6 |  6.7

Action                     |  1- 3 |  4- 6 || total
---------------------------+-------+-------++-------
  Melee: Unarmed           |    11 |    20 ||    31
         Punch             |       |     1 ||     1
 Armour: Animal skin       |     8 |    23 ||    31
  Dodge: Dodged            |     9 |    25 ||    34

Table legend: (Time is in decaauts)
 A = Elapsed time spent in this place.
 B = Non-inter-level travel time spent in this place.
 C = Inter-level travel time spent in this place.
 D = Time resting spent in this place.
 E = Time spent auto-exploring this place.
 F = Levels seen in this place.
 G = Mean time per level.
                   A        B        C        D        E       F      G
               +--------+--------+--------+--------+--------+-----+--------+
         Total |    160 |    160 |      0 |      0 |     55 |   1 |  160.0 |
       Dungeon |    160 |    160 |      0 |      0 |     55 |   1 |  160.0 |
               +--------+--------+--------+--------+--------+-----+--------+

Top non-repeatable levels by time:
       D: 160 daAuts
